 Dungeon Crawl Stone Soup version 0.22-a0-21-g9421e3f (webtiles) character file.

42533 Lanoc the Cleaver (level 13, -2/157 HPs)
             Began as a Demonspawn Berserker on Jan 2, 2018.
             Was the Champion of Trog.
             Killed by mirror damage (10 damage)
             ... on level 14 of the Dungeon.
             The game lasted 00:37:58 (13563 turns).

Lanoc the Cleaver (Demonspawn Berserker)           Turns: 13563, Time: 00:37:59

Health: -2/157     AC: 17    Str: 24    XL:     13   Next: 85%
Magic:  0/4        EV: 20    Int:  8    God:    Trog [******]
Gold:   853        SH:  0    Dex: 17    Spells: 12/12 levels left

rFire    . . .     SeeInvis +   J - +9 executioner's axe (antimagic)
rCold    + + .     Gourm    .   (shield currently unavailable)
rNeg     . . .     Faith    +   m - +0 plate armour
rPois    +         Spirit   +   (helmet restricted)
rElec    +         Reflect  .   (no cloak)
rCorr    .         Harm     .   g - +2 pair of gloves
MR       .....     NoTele   +   (no boots)
Stlth    ..........             H - amulet "Rugokhi" {Faith -Tele rElec rPois rC++}
HPRegen  0.36/turn              b - ring of see invisible
MPRegen  0.09/turn              l - +5 ring of evasion

@: berserking, slowed
A: horns 2, repulsion field 2, nightstalker 2, magic shield
a: Berserk, Trog's Hand, Brothers in Arms, Burn Spellbooks, Renounce Religion


You were on level 14 of the Dungeon.
You worshipped Trog.
Trog was exalted by your worship.
You were near starving.

You visited 1 branch of the dungeon, and saw 14 of its levels.
You also visited: Labyrinth and Ice Cave.

You collected 853 gold pieces.

Inventory:

Hand Weapons
 u - a +3 halberd of flaming
 D - a +3 executioner's axe of freezing
 F - a +3 hand crossbow of flaming
 J - a +9 antimagic executioner's axe (weapon)
Missiles
 y - 151 bolts
Armour
 g - a +2 pair of gloves (worn)
 m - a +0 plate armour (worn)
 G - a +0 troll leather armour
Jewellery
 b - a ring of see invisible (left hand)
 l - a +5 ring of evasion (right hand)
 H - the amulet "Rugokhi" (around neck) {Faith -Tele rElec rPois rC++}
   (You found it on level 10 of the Dungeon)

   [amulet of faith]

   It allows you to gain divine favour quickly.
   It greatly protects you from cold.
   It insulates you from electricity.
   It protects you from poison.
   It prevents most forms of teleportation.
 O - an uncursed amulet of guardian spirit {unknown}
Wands
 e - a wand of paralysis (23)
 o - a wand of acid (28)
 z - a wand of flame (29)
 B - a wand of random effects (28)
 C - a wand of scattershot (7)
 I - a wand of iceblast (19)
 M - a wand of digging (7)
 P - a wand of clouds (5)
Scrolls
 d - 4 scrolls of magic mapping
 h - 2 scrolls of fear {unknown}
 i - 4 scrolls of teleportation
 j - 2 scrolls of fog
 p - 3 scrolls of enchant armour
 v - 14 scrolls of identify
 x - 8 scrolls of remove curse
 A - a scroll of acquirement {unknown}
Potions
 f - 2 potions of resistance
 k - a potion of heal wounds
 n - 2 potions of mutation
 t - 2 potions of flight
 w - 3 potions of brilliance
 E - a potion of cancellation {unknown}
 L - a potion of magic {unknown}
Miscellaneous
 a - 2 phantom mirrors
 s - a crystal ball of energy
 S - a lamp of fire
 T - a sack of spiders
Comestibles
 c - 22 rations


   Skills:
 + Level 10.9 Fighting
 * Level 13.6 Axes
   Level 1.0 Staves
 + Level 7.3 Crossbows
 + Level 9.0 Armour
 + Level 9.4 Dodging
 - Level 2.9 Stealth


You had 12 spell levels left.
You didn't know any spells.

Dungeon Overview and Level Annotations

Branches:
Dungeon (14/15)            Temple (0/1) D:4            Lair (0/6) D:9
    Orc (0/2) D:9          Vaults (0/5) D:14

Altars:
Ashenzari
Cheibriados
Dithmenos
Gozag
Hepliaklqana
Nemelex Xobeh
Qazlal
Sif Muna
Trog
Uskayaw
Vehumet
Wu Jian
Zin
The Shining One
Beogh

Shops:
D:6 %   D:10 [

Annotations:
D:4 2 runed doors


Innate Abilities, Weirdness & Mutations

You have a pair of horns on your head.
You are surrounded by a moderate repulsion field. (EV +3)
You are significantly more attuned to the shadows.
When hurt, damage is shared between your health and your magic reserves.


Message History

The death knight hits you with a morningstar.
You are too injured to fight recklessly!
You are too injured to fight recklessly!
You are too injured to fight recklessly!
You slice the death knight!! You headbutt the death knight.
The death knight is heavily wounded.
The death knight reflects your damage back at you!
* * * LOW HITPOINT WARNING * * *
The death knight hits you but does no damage.
You slice the death knight!! Your headbutt misses the death knight.
The death knight is severely wounded.
The death knight reflects your damage back at you!
* * * LOW HITPOINT WARNING * * *
The death knight hits you with a morningstar!!
* * * LOW HITPOINT WARNING * * *
You hit the death knight but do no damage.
You headbutt the death knight!
The death knight is almost dead.
The death knight reflects your damage back at you!
You die...

#.............).####.....
#............)### #.....
#.............# ######
####.########## #
#...####### # ###.......#
###### **#########'#####
#..... *,............#.#
#..... *,*.###@#####.#.#
#.....
*,*,#zp.#.#...#.###.....
*,**#.###.#.###.'.......
*,,...#.#...#...###.....
#######.#.###.#.# #.....
#.............#.# #.....
####'############ ######
#...## ##. ###..# #..


You could see a death knight and a skeletal warrior.

Vanquished Creatures
  Rupert (D:13)
  Snorg (D:10)
  A minotaur (Lab)
  3 hydras
  4 centaur warriors
  A catoblepas (D:13)
  3 two-headed ogres
  Urug (D:11)
  Nergalle (D:11)
  2 unseen horrors (D:12)
  Pikel (D:4)
  8 ugly things
  2 cyclopes (D:14)
  2 centaur zombies
  2 ice statues (IceCv)
  A gargoyle (D:14)
  A centaur skeleton (D:12)
  A kobold demonologist (D:11)
  A freezing wraith (D:14)
  A jumping spider (shapeshifter) (D:14)
  5 trolls
  3 slime creatures (D:9)
  4 hippogriffs
  A meliai zombie (D:12)
  27 yaks
  3 wyverns
  6 redbacks (D:13)
  2 wraiths
  2 vampires
  15 humans
  A golden eye (shapeshifter) (D:14)
  Grum (D:10)
  4 hogs (D:7)
  8 vampire mosquitoes
  2 steam dragons (D:9)
  Menkaure (D:7)
  3 hungry ghosts
  An acid dragon (D:14)
  A water moccasin (D:7)
  2 orc warriors
  7 sky beasts
  3 black bears
  15 ice beasts
  4 phantoms
  A necrophage (D:9)
  2 wolves (D:10)
  8 ogres
  6 centaurs
  3 big kobolds
  9 bullfrogs
  A wyvern zombie (D:12)
  Blork the orc (D:5)
  2 scorpions
  A wyvern skeleton (D:13)
  25 killer bees
  7 wights
  7 crimson imps
  2 quasits
  A bullfrog zombie (D:6)
  6 hounds
  7 jellies
  11 orc priests
  An iguana (D:8)
  18 orc wizards
  Terence (D:2)
  Natasha (twice) (D:4)
  9 worker ants
  2 hound zombies
  A worker ant zombie (D:4)
  14 adders
  A gnoll (D:4)
  An adder skeleton (D:4)
  6 worms
  3 dart slugs
  6 leopard geckos
  37 orcs
  5 bats
  9 giant cockroaches
  9 goblins
  10 hobgoblins
  8 jackals
  5 quokkas
  9 frilled lizards
  A giant cockroach zombie (D:5)
  23 kobolds
  2 leopard gecko skeletons
  A quokka skeleton (D:4)
  6 rats
449 creatures vanquished.

Vanquished Creatures (collateral kills)
  An orc knight (D:14)
  A cyclops (D:14)
  2 humans (D:14)
4 creatures vanquished.

Vanquished Creatures (others)
  An orc (D:9)
  A giant cockroach (D:5)
2 creatures vanquished.

Grand Total: 455 creatures vanquished

Notes
Turn   | Place    | Note
-------+----------+-------------------------------------------
     0 | D:1      | Lanoc the Demonspawn Berserker began the quest for the Orb.
     0 | D:1      | Reached XP level 1. HP: 18/18 MP: 1/1
   114 | D:1      | Reached skill level 3 in Axes
   114 | D:1      | Gained mutation: You have a pair of small horns on your head. [demonic ancestry]
   114 | D:1      | Reached XP level 2. HP: 17/24 MP: 2/2
   713 | D:1      | Gained mutation: You are slightly more attuned to the shadows. [demonic ancestry]
   713 | D:1      | Reached XP level 3. HP: 28/29 MP: 3/3
   983 | D:2      | Reached ** piety under Trog
  1051 | D:2      | Found a glowing silver altar of Zin.
  1124 | D:2      | Noticed Terence
  1131 | D:2      | Killed Terence
  1131 | D:2      | Gained mutation: You have a pair of horns on your head. [demonic ancestry]
  1131 | D:2      | Reached XP level 4. HP: 24/37 MP: 4/4
  1373 | D:2      | Reached skill level 1 in Stealth
  2742 | D:4      | Reached XP level 5. HP: 29/42 MP: 5/5
  2809 | D:4      | Reached *** piety under Trog
  2824 | D:4      | Reached skill level 4 in Axes
  3123 | D:4      | Found a shadowy altar of Dithmenos.
  3210 | D:4      | Noticed Natasha
  3221 | D:4      | Killed Natasha
  3437 | D:4      | Reached XP level 6. HP: 48/48 MP: 6/6
  3747 | D:4      | Found a large runed door.
  3750 | D:4      | Found a large runed door.
  3763 | D:4      | Found a large runed door.
  3763 | D:4      | Found a large runed door.
  3770 | D:4      | Reached skill level 5 in Axes
  3985 | D:4      | Found a staircase to the Ecumenical Temple.
  4040 | D:4      | Reached XP level 7. HP: 44/55 MP: 7/7
  4309 | D:4      | Noticed Natasha
  4313 | D:4      | Killed Natasha
  4396 | D:4      | Reached skill level 5 in Fighting
  4537 | D:5      | Entered Level 5 of the Dungeon
  4537 | D:5      | Noticed Blork the orc
  4543 | D:5      | Killed Blork the orc
  4543 | D:5      | Reached **** piety under Trog
  4543 | D:5      | Reached skill level 6 in Axes
  4572 | D:5      | Noticed Pikel
  4573 | D:5      | Paralysed by Pikel for 5 turns
  4594 | D:5      | Paralysed by Pikel for 7 turns
  4609 | D:4      | Killed Pikel
  4609 | D:4      | Reached skill level 7 in Axes
  4609 | D:4      | Gained mutation: You are surrounded by a mild repulsion field. (EV +2) [demonic ancestry]
  4609 | D:4      | Reached XP level 8. HP: 61/63 MP: 8/8
  4696 | D:5      | Reached skill level 1 in Staves
  4714 | D:5      | Found a bloodstained altar of Trog.
  4989 | D:5      | Found a hide-covered altar of Uskayaw.
  5206 | D:5      | Found a snail-covered altar of Cheibriados.
  5713 | D:6      | Found a stormy altar of Qazlal.
  5731 | D:6      | Found an opulent altar of Gozag.
  5808 | D:6      | Found a glowing golden altar of the Shining One.
  6062 | D:6      | Found a stormy altar of Qazlal.
  6124 | D:6      | Found Rekempif's Food Shop.
  6409 | D:7      | Reached skill level 8 in Axes
  6409 | D:7      | Reached XP level 9. HP: 69/69 MP: 9/9
  6467 | D:7      | Noticed Menkaure
  6468 | D:7      | Found a hide-covered altar of Uskayaw.
  6471 | D:7      | Killed Menkaure
  6617 | D:7      | Reached ***** piety under Trog
  6767 | D:7      | Found a deep blue altar of Sif Muna.
  6813 | D:7      | Reached skill level 5 in Dodging
  6823 | D:7      | Reached skill level 9 in Axes
  7182 | D:8      | Found a sparkling altar of Nemelex Xobeh.
  7264 | D:8      | Gained mutation: You are surrounded by a moderate repulsion field. (EV +3) [demonic ancestry]
  7264 | D:8      | Reached XP level 10. HP: 79/79 MP: 10/10
  7298 | D:8      | Received a gift from Trog
  7641 | D:8      | Reached skill level 5 in Armour
  7647 | D:8      | Got a faintly humming robe
  7658 | D:8      | Identified the +3 robe "Pova" {MR+ Str+4 Slay-4 Stlth+} (You found it on level 8 of the Dungeon)
  7917 | D:8      | Reached skill level 1 in Crossbows
  8216 | D:9      | Found a staircase to the Lair.
  8232 | D:9      | Reached skill level 10 in Axes
  8250 | D:9      | Found a radiant altar of Vehumet.
  8280 | D:9      | Found an ornate altar of the Wu Jian Council.
  8361 | D:9      | Found a staircase to the Orcish Mines.
  8376 | D:9      | Found a roughly hewn altar of Beogh.
  8731 | D:9      | Found a hazy altar of Hepliaklqana.
  8861 | D:9      | Found a shattered altar of Ashenzari.
  8931 | D:10     | Entered Level 10 of the Dungeon
  8939 | D:10     | Received a gift from Trog
  8949 | D:10     | Reached XP level 11. HP: 79/86 MP: 11/11
  8988 | D:10     | Found Quklu's Antique Armour Boutique.
  9114 | D:10     | Got a brightly glowing bronze amulet
  9115 | D:10     | Identified the amulet "Rugokhi" {Faith -Tele rElec rPois rC++} (You found it on level 10 of the Dungeon)
  9129 | D:10     | Noticed Grum
  9137 | D:10     | Killed Grum
  9201 | D:10     | Noticed Snorg
  9217 | D:10     | Killed Snorg
  9253 | D:10     | Noticed a two-headed ogre
  9261 | D:10     | Killed a two-headed ogre
  9261 | D:10     | Reached skill level 11 in Axes
  9449 | D:11     | Noticed a red ugly thing
  9467 | D:11     | Killed a red ugly thing
  9830 | D:11     | Received a gift from Trog
  9867 | D:11     | Noticed a shock serpent
  9871 | D:11     | Noticed Urug
  9887 | D:11     | HP: 5/130 [Urug/enchanted halberd (12)]
  9888 | D:11     | Killed Urug
 10045 | D:11     | Noticed a six-headed hydra
 10052 | D:11     | Killed a three-headed hydra
 10177 | D:11     | Noticed Nergalle
 10195 | D:11     | Killed Nergalle
 10195 | D:11     | Gained mutation: You are significantly more attuned to the shadows. [demonic ancestry]
 10195 | D:11     | Reached XP level 12. HP: 64/95 MP: 12/12
 10533 | D:12     | Received a gift from Trog
 10651 | D:12     | Reached skill level 5 in Crossbows
 10778 | D:12     | Noticed a five-headed hydra
 10778 | D:12     | Noticed a centaur warrior
 10779 | D:12     | Reached skill level 12 in Axes
 10785 | D:12     | Killed a three-headed hydra
 10790 | D:12     | Killed a centaur warrior
 10808 | D:12     | Found a sparkling altar of Nemelex Xobeh.
 11218 | D:13     | Noticed a catoblepas
 11229 | D:13     | Killed a catoblepas
 11266 | D:13     | Noticed Rupert
 11303 | D:13     | Killed Rupert
 11303 | D:13     | Reached skill level 10 in Fighting
 11502 | D:13     | Received a gift from Trog
 11502 | D:13     | Gained mutation: When hurt, damage is shared between your health and your magic reserves. [demonic ancestry]
 11502 | D:13     | Reached XP level 13. HP: 82/103 MP: 4/13
 11921 | D:13     | You fall through a shaft!
 11921 | D:14     | Found a gate to the Vaults.
 11928 | D:14     | Reached skill level 13 in Axes
 11930 | D:14     | Reached ****** piety under Trog
 11996 | D:14     | Found a shattered altar of Ashenzari.
 12031 | D:14     | Found a labyrinth entrance.
 12038 | Lab      | Entered a labyrinth
 12330 | Lab      | Noticed a minotaur
 12334 | Lab      | Killed a minotaur
 12341 | Lab      | Got a fine robe
 12381 | Lab      | Identified the +1 robe "Elopheih" {-Cast Dex+5} (You found it in a labyrinth)
 12403 | D:14     | Found a frozen archway.
 12411 | IceCv    | Entered an ice cave
 12419 | IceCv    | Received a gift from Trog
 12591 | IceCv    | Found a transporter.
 12607 | IceCv    | Got a brightly glowing buckler
 12615 | IceCv    | Identified the +4 buckler of Murepat {rF+} (You found it in an ice cave)
 13103 | D:14     | Received a gift from Trog
 13563 | D:14     | Killed by mirror damage

Vault maps used:
D:1:      dpeg_arrival_tiny_i, roderic_st_hans_cross
D:2:      nicolae_overflow_hidden_temple, grunt_decor_mini_mirrors, uniq_terence
D:3:      kennysheep_six_static_rooms
D:4:      nicolae_dithmenos_shadow_blocks, minmay_temple_entry_poolview,
          minmay_hollow_rounded_squares, uniq_natasha
D:5:      lemuel_coloured_pillars_altar, slow_altar_2, first_ration,
          bloody_trog, uniq_pikel, uniq_blork_the_orc
D:6:      nicolae_overflow_crystal_walls, nicolae_tso_carved_into_rock,
          basic_altar, serial_shops, nicolae_shop_stone, grunt_gozag_breadcrumbs
D:7:      old_standard_altar, basic_altar, grunt_livestock,
          minmay_tree_intersection, uniq_menkaure
D:8:      nemelex_xobeh_ov_fountains_minmay
D:9:      kennysheep_mini, kennysheep_mini_moat, marbit_many_paths,
          lemuel_doored_altar, lair_entry_dummy, minmay_orc_entry_temple_small
D:10:     serial_shops, shop_fountains, uniq_grum, uniq_snorg
D:11:     uniq_nergalle, uniq_urug
D:12:     basic_altar
D:13:     spider_trap, uniq_rupert
D:14:     david_vaults_3, portal_ice_cave_entry_ice_beasts, old_standard_altar,
          lab_entry_generic
Lab:      labyrinth_mini_lab, labyrinth_skeletal_remains, labyrinth_glass_1,
          lab_block, nicolae_lab_big_swirl, labyrinth_glass_2, nicolae_lab_plus,
          nicolae_lab_blocks, lab_statue, nicolae_lab_dead_end
IceCv:    ice_cave_statue_garden_teleport

Skill      XL: |  1  2  3  4  5  6  7  8  9 10 11 12 13 |
---------------+----------------------------------------+-----
Axes           | 3 4 5 7 8 9 10 11 12 13 | 13.6
Armour         | 2 3 4 6 7 8 9 |  9.0
Dodging        | 2 3 4 5 6 7 8 9 |  9.4
Stealth        | 1 2 |  2.9
Fighting       | 4 5 6 7 8 9 10 | 10.9
Staves         | 1 |  1.0
Crossbows      | 2 4 6 7 |  7.3

Action                   |  1- 3 |  4- 6 |  7- 9 | 10-12 | 13-15 || total
-------------------------+-------+-------+-------+-------+-------++-------
Melee: Hand axe          |    98 |       |       |       |       ||    98
       Headbutt          |     7 |    15 |    62 |   125 |    42 ||   251
       Broad axe         |    17 |   145 |   250 |   393 |       ||   805
       Staff             |       |       |    30 |       |       ||    30
       Halberd           |       |       |       |     5 |     6 ||    11
       Executioner's axe |       |       |       |   122 |   166 ||   288
Invok: Berserk           |     1 |     5 |     6 |    22 |     9 ||    43
       Burn Spellbooks   |       |     1 |     2 |       |     3 ||     6
       Trog's Hand       |       |       |       |       |     1 ||     1
       Brothers in Arms  |       |       |       |       |     1 ||     1
Evoke: Wand              |       |       |       |       |     2 ||     2
  Use: Scroll            |       |       |    14 |     2 |     1 ||    17
       Potion            |       |       |     6 |     3 |     2 ||    11
 Stab: Sleeping          |     5 |     7 |     2 |     5 |     2 ||    21
       Distracted        |       |       |     1 |       |     1 ||     2
  Eat: Chunk             |     1 |    10 |    18 |    27 |     8 ||    64
       Ration            |       |     1 |       |     3 |     2 ||     6
Armor: Animal skin       |    32 |    41 |     2 |       |       ||    75
       Plate armour      |       |       |   131 |    52 |    40 ||   223
       Skin              |       |       |     9 |       |       ||     9
       Steam dragon scal |       |       |       |    13 |       ||    13
       Troll leather arm |       |       |       |    49 |    19 ||    68
Dodge: Dodged            |    69 |   133 |   214 |   742 |   292 ||  1450

Table legend:
 A = Spawn XP
 B = Non-spawn XP
 C = Spawn XP percentage of total XP
 D = Spawn monster count
 E = Non-spawn monster count
 F = Spawn count percentage of total count
 G = Total turns spent on level
                    A         B        C        D         E        F      G
               +---------+---------+-------+---------+---------+-------+---------
         Total |       0 |   60762 |   0.0 |       0 |     453 |   0.0 | 13563
               +---------+---------+-------+---------+---------+-------+---------
           D:1 |       0 |      45 |   0.0 |       0 |      25 |   0.0 |   896
           D:2 |       0 |      86 |   0.0 |       0 |      20 |   0.0 |  1088
           D:3 |       0 |      37 |   0.0 |       0 |      17 |   0.0 |   617
           D:4 |       0 |    1543 |   0.0 |       0 |      36 |   0.0 |  1986
           D:5 |       0 |     202 |   0.0 |       0 |      14 |   0.0 |   774
           D:6 |       0 |     822 |   0.0 |       0 |      30 |   0.0 |  1040
           D:7 |       0 |    2306 |   0.0 |       0 |      25 |   0.0 |   682
           D:8 |       0 |    1253 |   0.0 |       0 |      26 |   0.0 |   819
           D:9 |       0 |    3193 |   0.0 |       0 |      44 |   0.0 |  1029
          D:10 |       0 |    6821 |   0.0 |       0 |      42 |   0.0 |   508
          D:11 |       0 |    6141 |   0.0 |       0 |      32 |   0.0 |  1030
          D:12 |       0 |    8195 |   0.0 |       0 |      36 |   0.0 |   677
          D:13 |       0 |   11404 |   0.0 |       0 |      40 |   0.0 |   775
          D:14 |       0 |   15129 |   0.0 |       0 |      55 |   0.0 |   652
           Lab |       0 |    1032 |   0.0 |       0 |       1 |   0.0 |   362
         IceCv |       0 |    2553 |   0.0 |       0 |      10 |   0.0 |   628
               +---------+---------+-------+---------+---------+-------+---------
